 Dungeon Crawl Stone Soup version 0.28.0-47-ge53b351184 (webtiles) character file.

Game seed: 10763587705787900704

790 101zpm the Magician (level 8, -1/50 HPs)
             Began as a Djinni Fire Elementalist on May 8, 2022.
             Slain by a gnoll
             ... wielding a +0 halberd
              (3 damage)
             ... on level 6 of the Dungeon.
             The game lasted 00:07:57 (5386 turns).

101zpm the Magician (Djinni Fire Elementalist)      Turns: 5386, Time: 00:07:58

Health: -1/50      AC:  2    Str:  7    XL:     8   Next: 12%
Gold:   159        EV: 12    Int: 20    God:
                   SH:  0    Dex: 13

rFire   + + .      SeeInvis .   (no weapon)
rCold   x . .      Faith    .   (no shield)
rNeg    . . .      Spirit   .   a - +0 robe
rPois   ∞          Reflect  .   (no helmet)
rElec   .          Harm     .   (no cloak)
rCorr   .          Rampage  .   (no gloves)
Will    .....                   (boots unavailable)
Stlth   ++........              (no amulet)
HPRegen 0.16/turn               (no ring)
MPRegen 0.00/turn               (no ring)

@: flying
A: sickness immunity, fire resistance 2, cold vulnerability 1, float, innate
caster, HP casting, extra vitality 1
a: no special abilities


You were on level 6 of the Dungeon.
You visited 1 branch of the dungeon, and saw 6 of its levels.

You collected 159 gold pieces.

Inventory:

Armour
 a - a +0 robe (worn)
 j - a scarf of repulsion
Scrolls
 b - 3 scrolls of identify {unknown}
 c - 2 scrolls of summoning {unknown}
 d - a scroll of magic mapping {unknown}
 g - a scroll of acquirement {unknown}
 i - a scroll of vulnerability {unknown}
Potions
 e - a potion of degeneration {unknown}
 f - a potion of curing {unknown}
 h - a potion of flight {unknown}


   Skills:
 + Level 0.2 Fighting
 + Level 2.6 Dodging
 + Level 2.5 Stealth
 + Level 6.6 Spellcasting


You had 2 spell levels left.
You knew the following spells:

 Your Spells              Type           Power      Damage    Failure   Level
a - Foxfire               Conj/Fire      100%       2x1d9     1%          1
b - Scorch                Fire           66%        2d8       1%          2
c - Conjure Flame         Conj/Fire      33%        6-21      1%          3
d - Inner Flame           Hex/Fire       33%        N/A       1%          3
e - Flame Wave            Conj/Fire      33%        2d8       6%          4
f - Beastly Appendage     Tmut           66%        N/A       1%          1
g - Static Discharge      Conj/Air       33%        N/A       1%          2
h - Call Imp              Summ           33%        N/A       1%          2
Your spell library was empty.

Dungeon Overview and Level Annotations

Branches:
Dungeon (6/15)
 Temple: D:4-7

Altars:
Zin


Innate Abilities, Weirdness & Mutations

You are immune to sickness and miasma.
You are immune to poison.
Your flesh is very heat resistant. (rF++)
You are vulnerable to cold. (rC-)
You float through the air rather than walking.
You learn spells naturally, not from books.
Your magical power is your life essence.
You have superior vitality. (+4 MHP)


Message History

The foxfire hits the gnoll.
You kill the gnoll!
A gnoll comes into view. It is wielding a +0 flail.
There is a stone staircase leading up, spattered with blood here.
Casting: Foxfire (safe; 1% risk of failure)
Press: ? - help, Q - select action, (/) - cycle Dir - look around, f - activate You conjure some foxfire!
* * * LOW HITPOINT WARNING * * *
The foxfire hits the gnoll.
The gnoll is moderately wounded.
A gnoll sergeant comes into view. It is wielding a +0 spear.
Casting: Foxfire (safe; 1% risk of failure)
Press: ? - help, Q - select action, (/) - cycle Dir - look around, f - activate You conjure some foxfire!
* * * LOW HITPOINT WARNING * * *
The foxfire hits the gnoll.
The gnoll is heavily wounded.
Casting: Foxfire (safe; 1% risk of failure)
Press: ? - help, Q - select action, (/) - cycle Dir - look around, f - activate You conjure some foxfire!
* * * LOW HITPOINT WARNING * * *
A gnoll comes into view. It is wielding a +0 whip.
Casting: Foxfire (safe; 1% risk of failure)
Press: ? - help, Q - select action, (/) - cycle Dir - look around, f - activate You conjure some foxfire!
* * * LOW HITPOINT WARNING * * *
The foxfire hits the gnoll!
The gnoll is almost dead.
The foxfire hits the gnoll.
You kill the gnoll!
The foxfire hits the gnoll.
The gnoll is severely wounded.
The foxfire hits the gnoll sergeant.
The gnoll sergeant is lightly wounded.
The foxfire hits the gnoll.
The gnoll is almost dead.
The foxfire hits the gnoll.
The gnoll is almost dead.
The gnoll hits you from afar with a +0 halberd.
You die...

# ##.
##...##
#......###
#...#######
##.@.......
##.§......
#..g.....
....g....
....)....
.......g..
...##.....
...## ##...


You could see a gnoll sergeant and 2 gnolls.

Vanquished Creatures
  A black bear (D:6)
  2 necrophages
  A centaur (D:5)
  An ogre (D:4)
  A centaur zombie (D:5)
  A hound (D:4)
  An orc priest (D:4)
  A bullfrog skeleton (D:6)
  Jessica (D:2)
  2 orc wizards
  3 hound skeletons
  2 gnolls (D:6)
  3 adders
  2 worms
  A dart slug (D:3)
  8 orcs
  3 ball pythons
  5 bats
  8 endoplasms
  3 giant cockroaches
  3 goblins
  5 hobgoblins
  A quokka (D:4)
  2 frilled lizards (D:2)
  9 kobolds
  3 rats
73 creatures vanquished.

Vanquished Creatures (others)
  358 foxfires
358 creatures vanquished.

Grand Total: 431 creatures vanquished

Notes
Turn   | Place    | Note
-------+----------+-------------------------------------------
     0 | D:1      | 101zpm the Djinni Fire Elementalist began the quest for the
                  | Orb.
     0 | D:1      | Reached XP level 1. HP: 15/15 MP: 0/0
   461 | D:2      | Reached XP level 2. HP: 15/21 MP: 0/0
   636 | D:2      | Reached skill level 3 in Spellcasting
   636 | D:2      | Reached XP level 3. HP: 18/25 MP: 0/0
   636 | D:2      | Learned a level 1 spell: Beastly Appendage
  1295 | D:2      | Reached XP level 4. HP: 26/31 MP: 0/0
  1611 | D:2      | Noticed Jessica
  1613 | D:2      | Killed Jessica
  2516 | D:3      | Found a glowing silver altar of Zin.
  3216 | D:4      | Noticed a necrophage
  3221 | D:4      | Killed a necrophage
  3222 | D:4      | Reached skill level 4 in Spellcasting
  3222 | D:4      | Reached XP level 5. HP: 25/35 MP: 0/0
  3222 | D:4      | Learned a level 2 spell: Static Discharge
  3234 | D:4      | Reached XP level 6. HP: 12/40 MP: 0/0
  4067 | D:4      | Noticed an ogre
  4073 | D:4      | Killed an ogre
  4074 | D:4      | Reached skill level 5 in Spellcasting
  4084 | D:4      | Reached XP level 7. HP: 18/45 MP: 0/0
  4084 | D:4      | Learned a level 2 spell: Call Imp
  4876 | D:5      | Entered Level 5 of the Dungeon
  5067 | D:5      | Reached skill level 6 in Spellcasting
  5366 | D:6      | Reached XP level 8. HP: 5/50 MP: 0/0
  5386 | D:6      | Slain by a gnoll

Illustrated notes

Levels and vault maps discovered:
D:1:      minmay_arrival_radiant_lines, layout_loops_corners,
          hellmonk_ecumenical_altar_zigzags, moated_statue,
          chequers_serial_rivers_micro_e, kennysheep_minor_cross,
          hangedman_abyss_or_decor_stabs, minmay_unequal
D:2:      layout_loops_ring, moated_statue, uniq_jessica
D:3:      layout_loops_ring, mainiacjoe_overflow_small_starburst
D:4:      layout_cave_pools, cheibrodos_sewer_entry_bend
D:5:      layout_rooms
D:6:      layout_layer_cave, temple_garden, uniq_edmund

Skill      XL: |  1  2  3  4  5  6  7 |
---------------+----------------------+-----
Spellcasting   | 3 4 5 6 |  6.6
Stealth        | 2 |  2.5
Fighting       | |  0.2
Dodging        | |  2.6

Action                   |  1- 3 |  4- 6 |  7- 9 || total
-------------------------+-------+-------+-------++-------
 Cast: Foxfire           |    68 |   122 |    48 ||   238
       Scorch            |     1 |    30 |     6 ||    37
       Inner Flame       |       |     3 |     8 ||    11
       Flame Wave        |       |       |     2 ||     2
       Call Imp          |       |       |     1 ||     1
Armor: Robe              |       |     1 |       ||     1
Dodge: Dodged            |     1 |    16 |     5 ||    22
